 Dungeon Crawl Stone Soup version 0.29.1-12-g30fa7ad0bf (webtiles) character file.

Game seed: 13673134159341915036

106 GigaChad the Trooper (level 4, -3/41 HPs)
             Began as a Minotaur Fighter on Dec 13, 2022.
             Slain by Crazy Yiuf
             ... wielding a +2 quarterstaff of chaos
              (12 damage)
             ... on level 2 of the Dungeon.
             The game lasted 00:03:27 (1981 turns).

GigaChad the Trooper (Minotaur Fighter)             Turns: 1981, Time: 00:03:27

Health: -3/41      AC: 11    Str: 23    XL:     4   Next: 55%
Magic:  3/3        EV:  7    Int:  5    God:
Gold:   178        SH:  4    Dex:  9    Spells: 3/3 levels left

rFire   . . .      SeeInvis .   a - +0 war axe
rCold   . . .      Faith    .   c - +0 buckler
rNeg    . . .      Spirit   .   j - +0 chain mail
rPois   .          Reflect  .   (helmet restricted)
rElec   .          Harm     .   g - +1 cloak
rCorr   .          Rampage  .   (no gloves)
Will    .....                   (no boots)
Stlth   ..........              (no amulet)
HPRegen 0.13/turn               (no ring)
MPRegen 0.08/turn               (no ring)

@: no status effects
A: horns 2, retaliatory headbutt
a: no special abilities


You were on level 2 of the Dungeon.
You visited 1 branch of the dungeon, and saw 2 of its levels.

You collected 178 gold pieces.

Inventory:

Hand Weapons
 a - a +0 war axe (weapon)
Armour
 b - a +0 scale mail
 c - a +0 buckler (worn)
 g - a +1 cloak (worn)
 j - a +0 chain mail (worn)
Scrolls
 e - 2 scrolls of teleportation {unknown}
 f - a scroll of immolation {unknown}
 h - a scroll of amnesia {unknown}
 l - a scroll of fear {unknown}
 m - a scroll of enchant weapon {unknown}
 n - 2 scrolls of identify {unknown}
 p - a scroll of blinking {unknown}
 q - a scroll of vulnerability {unknown}
Potions
 d - a potion of might
 i - 2 potions of haste {unknown}
 k - a potion of curing
 o - a potion of mutation {unknown}
 r - a potion of brilliance {unknown}
 s - a potion of cancellation {unknown}


   Skills:
 + Level 4.4 Fighting
 + Level 4.1 Axes
 + Level 4.4 Armour
 + Level 0.5 Dodging
 + Level 0.1 Stealth
 + Level 4.1 Shields


You had 3 spell levels left.
You didn't know any spells.
Your spell library contained the following spells:

 Spells                   Type           Power      Damage    Failure   Level
 Foxfire                  Conj/Fire      0%         2x1d4     99%         1
 Conjure Flame            Conj/Fire      0%         6-21      100%        3
 Gell's Gravitas          Tloc           0%         N/A       100%        3
 Inner Flame              Hex/Fire       0%         N/A       100%        3
 Lesser Beckoning         Tloc           0%         N/A       100%        3
 Teleport Other           Tloc           0%         N/A       100%        3
 Flame Wave               Conj/Fire      0%         2d4       100%        4


Dungeon Overview and Level Annotations

Branches:
Dungeon (2/15)

Altars:

Annotations:
D:2 Crazy Yiuf


Innate Abilities, Weirdness & Mutations

You have a pair of horns on your head.
You reflexively headbutt those who attack you in melee.


Message History

You hit Terence but do no damage. Terence hits you with a +0 short sword.
You hit Terence but do no damage. You headbutt Terence.
Terence is moderately wounded.
Terence hits you but does no damage.
You slash Terence!
Terence is severely wounded.
Terence hits you but does no damage. Terence closely misses you.
You furiously retaliate!
You headbutt Terence!
You kill Terence!
Your Axes skill increases to level 4!
s - a puce potion
Things that are here:
a +0 short sword; a +0 scale mail
Found three hammers.
Found a runed translucent door.
You see here a +0 hammer.
Crazy Yiuf shouts!
Crazy Yiuf flaps his cloak.
Found a hammer.
Crazy Yiuf screams, "Ice high snail!"
You see here a +0 hammer.
Things that are here:
a +0 short sword; a +0 scale mail
There is a stone staircase leading down here.
Things that are here:
a +0 short sword; a +0 scale mail You see here a +0 hammer.
You open the door.
Crazy Yiuf zaps a wand.
The puff of flame hits you.
Crazy Yiuf hits you with a +2 quarterstaff of chaos!
You are electrocuted!!
* * * LOW HITPOINT WARNING * * *
There is an open translucent door here.
You closely miss Crazy Yiuf.
You headbutt Crazy Yiuf, but do no damage.
Crazy Yiuf says, "Whiteboard Xom aubergine!"
Crazy Yiuf zaps a wand.
The puff of flame hits you.
* * * LOW HITPOINT WARNING * * *
You hit Crazy Yiuf.
Crazy Yiuf is moderately wounded.
Crazy Yiuf hits you with a +2 quarterstaff of chaos!
You die...

...###
#....#
.....##
......#
......#
#####
...#..#
#..)#
...#..##
#).)#
...#...##
#.g.#
...##..>####
#@#
...#.......#
##.#
...#.......#
#.##
...#.......#
##.#
#########.##
#)## #.#
##.## #.#
#)..## #.#
#....# #.#
#....#


You could see Crazy Yiuf.

Vanquished Creatures
  Terence (D:2)
  Robin (D:2)
  An adder (D:2)
  2 dart slugs
  8 ball pythons
  4 endoplasms (D:1)
  A giant cockroach (D:2)
  5 hobgoblins
  3 jackals (D:1)
  3 kobolds
  3 quokkas (D:1)
  2 bats
  4 frilled lizards
  13 goblins
  5 rats
56 creatures vanquished.

Notes
Turn   | Place    | Note
-------+----------+-------------------------------------------
     0 | D:1      | GigaChad the Minotaur Fighter began the quest for the Orb.
     0 | D:1      | Reached XP level 1. HP: 19/19 MP: 0/0
    51 | D:1      | Reached XP level 2. HP: 21/27 MP: 1/1
   709 | D:1      | Reached XP level 3. HP: 33/33 MP: 2/2
  1249 | D:2      | Noticed Robin
  1264 | D:2      | Reached XP level 4. HP: 16/40 MP: 3/3
  1266 | D:2      | Killed Robin
  1778 | D:2      | Noticed Terence
  1787 | D:2      | Killed Terence
  1902 | D:2      | Found a runed translucent door.
  1903 | D:2      | Noticed Crazy Yiuf
  1981 | D:2      | Slain by Crazy Yiuf

Illustrated notes

Levels and vault maps discovered:
D:1:      scummos_arrival_hexagon, layout_basic
D:2:      layout_rooms, uniq_crazy_yiuf_cottage, uniq_robin, uniq_terence

Skill      XL: |  1  2  3  4 |
---------------+-------------+-----
Fighting       | 4 |  4.4
Shields        | 4 |  4.1
Armour         | 4 |  4.4
Axes           | 3 4 |  4.1
Dodging        | |  0.5
Stealth        | |  0.1

Action                   |  1- 3 |  4- 6 || total
-------------------------+-------+-------++-------
Melee: War axe           |    70 |    13 ||    83
       Headbutt          |    11 |     4 ||    15
Armor: Scale mail        |    25 |       ||    25
       Chain mail        |    30 |    40 ||    70
Dodge: Dodged            |    45 |    14 ||    59
Block: Buckler           |    23 |    10 ||    33
